 Dungeon Crawl Stone Soup version 0.31-a0-152-g6aa68a64a1 (webtiles) character file.

Game seed: 4827891292672666594

238 qw the Shooter (level 5, -4/50 HPs)
             Began as a Minotaur Hunter on June 9, 2023.
             Slain by Edmund
             ... wielding a +2 flail of protection
              (10 damage)
             ... on level 3 of the Dungeon.
             The game lasted 00:00:55 (2302 turns).

qw the Shooter (Minotaur Hunter)                    Turns: 2302, Time: 00:00:56

Health: -4/50      AC:  3    Str: 16    XL:     5   Next: 78%
Magic:  0/4        EV: 12    Int:  4    God:
Gold:   80         SH:  0    Dex: 15    Spells: 4/4 levels left

rFire   . . .        Y - +1 shortbow
rCold   . . .        (shield currently unavailable)
rNeg    . . .        c - +0 leather armour
rPois   .            (helmet restricted)
rElec   .            (no cloak)
rCorr   .            (no gloves)
SInv    .            (no boots)
Will    .....        d - amulet of guardian spirit
Stlth   +            (no ring)
HPRegen 0.28/turn    (no ring)
MPRegen 0.09/turn

%: guardian spirit
@: no status effects
A: horns 2, retaliatory headbutt, dopey 1
a: no special abilities


You were on level 3 of the Dungeon.
You visited 1 branch of the dungeon, and saw 4 of its levels.

You collected 80 gold pieces.


Innate Abilities, Weirdness & Mutations

You have a pair of horns on your head.
You reflexively headbutt those who attack you in melee.
You are dopey. (Int -2)


   Skills:
 - Level 5.8 Fighting
 + Level 6.1 Ranged Weapons
 - Level 2.1 Dodging
 - Level 0.7 Stealth


You had 4 spell levels left.
You didn't know any spells.
Your spell library was empty.

Inventory:

Hand Weapons
 Y - a +1 shortbow (weapon)
Armour
 c - a +0 leather armour (worn)
 h - the +5 robe of Misfortune {Harm *Corrode *Slow EV+5}
   (You found it on level 3 of the Dungeon)

   EV:        It affects your evasion (+5).
   *Corrode:  It may corrode you when you take damage.
   *Slow:     It may slow you when you take damage.
   Harm:      It increases damage dealt and taken.
Jewellery
 d - an amulet of guardian spirit (around neck)
Scrolls
 e - a scroll of enchant armour
 f - a scroll of identify
Potions
 b - 4 potions of mutation
 g - a potion of degeneration {unknown}
 i - a potion of curing {unknown}

Dungeon Overview and Level Annotations

Branches:
Dungeon (4/15)
 Temple: D:4-7

Altars:

Annotations:
D:3 Edmund


Message History

You shoot an arrow. The arrow closely misses Edmund.
Edmund misses you.
You shoot an arrow.
The arrow hits Edmund but does no damage.
Edmund is lightly wounded.
Edmund misses you. You furiously retaliate!
You headbutt Edmund. You shoot an arrow.
The arrow hits Edmund but does no damage.
Edmund is moderately wounded.
Edmund hits you with a +2 flail of protection!
Edmund barely misses you.
You shoot an arrow. The arrow hits Edmund.
Edmund is moderately wounded.
Edmund hits you with a +2 flail of protection!
You shoot an arrow. The arrow hits Edmund.
Edmund is heavily wounded.
Edmund barely misses you.
You shoot an arrow.
The arrow hits Edmund but does no damage.
Edmund is heavily wounded.
Edmund hits you with a +2 flail of protection.
You shoot an arrow.
The arrow hits Edmund but does no damage.
Edmund is heavily wounded.
Edmund closely misses you.
You shoot an arrow. The arrow barely misses Edmund.
Edmund barely misses you.
You shoot an arrow. The arrow hits Edmund.
Edmund is severely wounded.
Edmund drinks a potion.
Edmund is healed!
You shoot an arrow. The arrow hits Edmund.
Edmund is moderately wounded.
Edmund barely misses you. You furiously retaliate!
You headbutt Edmund. You shoot an arrow. The arrow closely misses Edmund.
Edmund misses you.
You shoot an arrow.
The arrow hits Edmund but does no damage.
Edmund is moderately wounded.
Edmund hits you with a +2 flail of protection! x2
You die...

#.##.....#######........#
#.##.....##............!#
#######..)....................##
#...............................
#...............................
#..................##...........
#................#.##...........
#........###.......##...........
#........# #...@....#...........
#........# #..@.....#...........
#........# #....................
#........# #....................
#.....#+####....................
#.....#.........##............##
#.....#..........#............##
#.............................##
#.............................##


You could see Edmund.

Vanquished Creatures
  Sigmund (D:3)
  2 adders (D:2)
  3 worms
  A dart slug (D:2)
  An orc (D:3)
  2 endoplasms
  5 giant cockroaches
  2 goblins
  5 hobgoblins
  3 jackals (D:2)
  4 quokkas
  A ball python (D:3)
  6 bats
  2 frilled lizards (D:2)
  12 kobolds
  5 rats
55 creatures vanquished.

Notes
Turn   | Place    | Note
-------+----------+-------------------------------------------
     0 | D:1      | qw the Minotaur Hunter began the quest for the Orb.
     0 | D:1      | Reached XP level 1. HP: 18/18 MP: 0/0
     0 | D:1      | 0 ||| qw: Version: 0.2-a-122-gbc61b45
     0 | D:1      | 0 ||| qw: Game counter: 3455
     0 | D:1      | 0 ||| qw: Always use a shield: true
     0 | D:1      | 0 ||| qw: God list: Okawaru
     0 | D:1      | 0 ||| qw: Allow faded altars: false
     0 | D:1      | 0 ||| qw: Do Orc after D:15 true
     0 | D:1      | 0 ||| qw: Do second Lair branch before Depths: true
     0 | D:1      | 0 ||| qw: Lair rune preference: random
     0 | D:1      | 0 ||| qw: Plans: Normal
     0 | D:1      | 0 ||| PLANNING D:1-11
   228 | D:1      | Reached XP level 2. HP: 25/25 MP: 1/1
   330 | D:1      | Reached skill level 5 in Ranged Weapons
   700 | D:1      | Reached skill level 3 in Fighting
  1036 | D:1      | 1036 ||| UPGRADING to amulet of guardian spirit.
  1041 | D:1      | 1041 ||| READING scroll labelled KINER RYMASIO.
  1042 | D:1      | 1042 ||| READING scroll labelled TYRPHY OKHLAGER.
  1043 | D:1      | 1043 ||| READING scroll labelled UNAG SAJOSAKA.
  1044 | D:1      | 1044 ||| DRINKING 3 sedimented yellow potions.
  1045 | D:1      | 1045 ||| DROPPING scroll of butterflies.
  1046 | D:1      | 1046 ||| DROPPING 2 potions of attraction.
  1124 | D:2      | Reached XP level 3. HP: 31/31 MP: 2/2
  1215 | D:2      | 1215 ||| FLEEEEING.
  1216 | D:2      | 1216 ||| FLEEEEING.
  1217 | D:2      | 1217 ||| FLEEEEING.
  1222 | D:2      | 1222 ||| STAIRDANCE
  1264 | D:1      | 1264 ||| READING scroll labelled EBUSTR CAGI.
  1265 | D:1      | 1265 ||| READING scroll labelled QUNAIJ SORA.
  1387 | D:2      | Reached skill level 6 in Ranged Weapons
  1387 | D:2      | Reached XP level 4. HP: 32/38 MP: 1/3
  1543 | D:2      | 1543 ||| DRINKING 3 fuming sapphire potions.
  1558 | D:2      | 1558 ||| DRINKING 2 lumpy cyan potions.
  1558 | D:2      | Gained mutation: You are dopey. (Int -2) [potion of
                  | mutation]
  1559 | D:2      | 1559 ||| DROPPING 2 potions of lignification.
  1713 | D:3      | Noticed Sigmund
  1731 | D:3      | Killed Sigmund
  1732 | D:3      | Reached XP level 5. HP: 50/50 MP: 2/4
  1916 | D:3      | Found the +5 robe of Misfortune {Harm *Corrode *Slow EV+5}
  2264 | D:3      | 2264 ||| READING scroll labelled ZUOMAU RAZUM.
  2267 | D:3      | 2267 ||| READING 2 scrolls of identify.
  2267 | D:3      | 2267 ||| IDENTIFYING glowing black potion
  2268 | D:3      | 2268 ||| DROPPING potion of magic.
  2284 | D:4      | Noticed Edmund
  2287 | D:4      | 2287 ||| STAIRDANCE
  2302 | D:3      | HP: 6/50 [Edmund/+2 flail of protection (10)]
  2302 | D:3      | Slain by Edmund

Levels and vault maps discovered:
D:1:      amcnicky_arrival_gap_in_the_tavern_cellar, layout_basic
D:2:      layout_rooms
D:3:      layout_basic, uniq_sigmund
D:4:      layout_cave_pools, dk_noncrumbling_2, uniq_eustachio,
          uniq_crazy_yiuf_cottage, uniq_edmund, uniq_ijyb, uniq_robin

Skill      XL: |  1  2  3  4 |
---------------+-------------+-----
Ranged Weapons | 5 6 |  6.1
Fighting       | 3 5 |  5.8
Dodging        | |  2.1
Stealth        | |  0.7

Action                     |  1- 3 |  4- 6 || total
---------------------------+-------+-------++-------
   Fire: Shortbow          |   131 |    61 ||   192
    Use: Scroll            |     5 |     2 ||     7
         Potion            |     1 |     2 ||     3
 Armour: Leather armour    |    16 |     1 ||    17
  Dodge: Dodged            |    29 |    17 ||    46

Table legend:
 A = Non-vault XP
 B = Vault XP
 C = Vault XP percentage of total XP
 D = Non-vault monster count
 E = Vault monster count
 F = Vault count percentage of total count
                 A         B        C        D         E       F
            +---------+---------+-------+---------+---------+-------
      Total |     126 |     214 |  62.9 |      54 |       1 |   1.8
            +---------+---------+-------+---------+---------+-------
        D:1 |      32 |       0 |   0.0 |      20 |       0 |   0.0
        D:2 |      77 |       0 |   0.0 |      26 |       0 |   0.0
        D:3 |      17 |     214 |  92.6 |       8 |       1 |  11.1
            +---------+---------+-------+---------+---------+-------
